Jets vs Canadiens
(R1)
Created - January 15, 2022 at 21:39
Goals
|
Jets |
2 |
2 |
0 |
4 |
Canadiens |
1 |
4 |
1 |
6 |
|
Shots
|
Jets |
9 |
13 |
9 |
31 |
Canadiens |
9 |
16 |
10 |
35 |
|
1st period
1. Jets , Jean-Gabriel Pageau 4 (Robert Hagg 4) at 3:46
2. Jets , Corey Perry 4 (Dougie Hamilton 8, Jake McCabe 7) at 11:11 (PP)
3. Canadiens , Jordan Szwarz 1 (Daniel Carcillo 3) at 15:20
Penalties :
Marco Scandella (Win) for Tripping (Minor) at 8:15, Brian Dumoulin (Mon) for High sticking (Double Minor) at 10:33
2nd period
4. Jets , Jean-Gabriel Pageau 5 (Nino Niederreiter 16, Tyler Myers 2) at 2:51 (SH)
5. Canadiens , Greg Stewart 5 (Evgeni Malkin 13) at 3:23 (PP)
6. Jets , Nino Niederreiter 7 (Dougie Hamilton 9, Ryan Johansen 15) at 5:57 (PP)
7. Canadiens , Nick Spaling 3 (Jordan Szwarz 6, Daniel Carcillo 4) at 11:04
8. Canadiens , Steve Downie 5 (Greg Stewart 12, Evgeni Malkin 14) at 16:22 (PP)
9. Canadiens , Daniel Carcillo 4 (Jordan Szwarz 7, Nick Spaling 4) at 16:26
Penalties :
Jake McCabe (Win) for Interference (Minor) at 1:41, Phil Kessel (Mon) for Elbowing (Minor) at 4:53, Ronalds Kenins (Win) for Interference (Minor) at 8:50, Dougie Hamilton (Win) for Cross-checking (Minor) at 14:57, Jake McCabe (Win) for Holding (Minor) at 16:58
3rd period
10. Canadiens , Pierre-Marc Bouchard 1 (Dave Bolland 4, Philip Larsen 1) at 3:38
Penalties :
Michael Matheson (Win) for Hooking (Minor) at 1:27, Nikolaj Ehlers (Win) for Roughing (Minor) at 4:21, Tyler Myers (Win) for Hooking (Minor) at 17:29
Goalie Stats
Michal Neuvirth (Win), 29 saves from 35 shots - (0.829), L, 6-8-0, 60:00 minutes
Allen York (Mon), 12 saves from 12 shots - (1.000), W, 2-0-0, 34:03 minutes
Kristers Gudlevskis (Mon), 15 saves from 19 shots - (0.789), 25:57 minutes
Players Stats for Jets
Player Name G A P +/- PIM S H SB GA TA FO MP PP MP PK MP
------------------------------------------------------------------------------------
Adam Henrique 0 0 0 0 0 2 1 0 1 0 0/0 12:29 1:36 0:34
Alexander Radulov 0 0 0 0 0 3 1 0 0 0 0/0 7:32 0:00 0:00
Corey Perry 1 0 1 0 0 3 3 1 0 0 0/1 11:54 1:36 0:00
Dougie Hamilton 0 2 2 -3 2 3 2 0 0 1 0/0 23:09 2:57 3:43
Erik Haula 0 0 0 -2 0 1 1 1 0 2 7/20 19:59 0:00 9:10
Jake McCabe 0 1 1 0 4 0 0 1 0 1 0/0 16:50 2:57 0:00
Jean-Gabriel Pageau 2 0 2 1 0 2 2 1 0 0 3/6 15:32 1:36 4:58
Jordan Martinook 0 0 0 0 0 1 0 0 0 1 0/0 7:39 0:00 0:00
Marco Scandella 0 0 0 0 2 2 2 6 1 1 0/0 23:23 0:44 7:26
Marcus Johansson 0 0 0 -1 0 3 1 0 1 1 0/1 16:08 2:05 0:00
Michael Matheson 0 0 0 0 2 0 0 2 0 0 0/0 15:29 0:00 5:18
Nikolaj Ehlers 0 0 0 0 2 0 1 0 0 0 1/1 8:00 0:00 0:00
Nino Niederreiter 1 1 2 0 0 3 3 1 3 0 0/0 22:10 2:05 4:58
Noel Acciari 0 0 0 -2 0 1 2 1 0 0 0/2 16:51 0:00 9:00
Robert Hagg 0 1 1 0 0 0 0 1 1 1 0/0 16:26 0:00 6:07
Ronalds Kenins 0 0 0 -1 2 0 0 0 0 0 0/1 9:19 0:00 1:22
Ryan Johansen 0 1 1 -1 0 3 1 1 0 1 10/27 16:08 2:05 0:00
Tyler Myers 0 1 1 -2 2 4 4 1 1 2 0/0 25:53 0:44 7:28
Players Stats for Canadiens
Player Name G A P +/- PIM S H SB GA TA FO MP PP MP PK MP
------------------------------------------------------------------------------------
Brady Skjei 0 0 0 1 0 3 3 0 1 0 0/0 30:43 9:48 0:43
Brian Dumoulin 0 0 0 0 4 1 1 7 0 1 0/0 18:33 4:11 0:37
Bryce Lampman 0 0 0 0 0 1 0 0 0 0 0/0 4:27 0:54 0:12
Chris Kreider 0 0 0 -1 0 6 2 1 2 0 1/2 23:09 8:08 0:29
Daniel Carcillo 1 2 3 4 0 2 0 0 0 1 0/0 13:03 0:08 2:14
Dave Bolland 0 1 1 0 0 0 3 0 1 0 2/6 8:48 0:03 2:14
Evgeni Malkin 0 2 2 0 0 2 0 0 2 0 12/21 21:25 6:50 0:29
Greg Stewart 1 1 2 0 0 4 1 0 0 0 0/0 18:00 6:50 0:00
Guillaume Brisebois 0 0 0 0 0 2 1 2 0 3 0/0 23:23 7:16 2:23
Jakub Vrana 0 0 0 0 0 1 0 0 0 0 0/0 5:55 0:03 0:00
Jordan Szwarz 1 2 3 3 0 2 3 0 0 0 0/0 10:53 0:03 0:58
Mika Zibanejad 0 0 0 -1 0 1 0 0 1 0 16/22 19:29 8:08 0:00
Nick Spaling 1 1 2 3 0 1 1 1 0 0 6/7 10:08 0:00 0:58
Phil Kessel 0 0 0 -1 2 3 3 1 2 0 1/1 22:38 8:08 0:00
Philip Larsen 0 1 1 1 0 0 0 1 0 1 0/0 13:05 0:47 1:06
Pierre-Marc Bouchard 1 0 1 0 0 2 0 0 0 1 0/0 5:41 0:00 0:00
Steve Downie 1 0 1 0 0 1 3 1 0 0 0/0 18:14 6:50 0:00
Travis Hamonic 0 0 0 1 0 3 3 1 2 1 0/0 28:43 6:58 2:21
3 Stars
1 - Jordan Szwarz (Mon)
2 - Daniel Carcillo (Mon)
3 - Nick Spaling (Mon)
Power Play
Jets - 2 on 3 Attempt(s) - 66.67%
Canadiens - 2 on 8 Attempt(s) - 25.00%
Penalty Kill
Jets - 6 on 8 Attempt(s) - 75.00%
- Score 1 goal in Penalty Kill
Canadiens - 1 on 3 Attempt(s) - 33.33%
- Score 0 goal in Penalty Kill
Team Stat
Jets - Hits : 24 - Faceoff Wins : 21 - Blocked Shots : 17 - Penalty Minutes : 16
Canadiens - Hits : 24 - Faceoff Wins : 38 - Blocked Shots : 15 - Penalty Minutes : 6
Official
Referees : Ian Walsh and Dan O'Rourke
Linesman : Steve Miller and Kory Nagy
Game Notes
Bryce Lampman is injured at 14:49 of 1st period (Sprained Left Knee)
Allen York enters game at 5:57 of 2nd period
Finance
Level 1 -- Attendance: 5771 (96.18%) -- Ticket Income $577,100
Level 2 -- Attendance: 4919 (98.38%) -- Ticket Income $295,140
Level 3 -- Attendance: 1903 (95.15%) -- Ticket Income $66,605
Level 4 -- Attendance: 4000 (100.00%) -- Ticket Income $100,000
Luxury Box -- Attendance: 946 (94.60%) -- Ticket Income $189,200
Game was played at the Centre Bell.
Total Attendance: 17539 (97.44%)
Total Ticket Income: $1,228,045
Other Income: $184,207
Total Income: $1,412,252
Jets
5 vs 5 Forward
Center Left Wing Right Wing Time % Phy DF OF
1 Ryan Johansen Marcus Johansson Nino Niederreiter 40 0 2 3
2 Erik Haula Adam Henrique Corey Perry 30 0 2 3
3 Jean-Gabriel Pageau Ronalds Kenins Nikolaj Ehlers 20 1 2 2
4 Noel Acciari Jordan Martinook Alexander Radulov 10 2 2 1
5 vs 5 Defense
Defense Defense Time % Phy DF OF
1 Tyler Myers Dougie Hamilton 40 2 2 1
2 Marco Scandella Jake McCabe 30 2 2 1
3 Michael Matheson Robert Hagg 20 1 2 2
4 Marco Scandella Tyler Myers 10 2 2 1
PowerPlay Forward
Center Left Wing Right Wing Time % Phy DF OF
1 Ryan Johansen Marcus Johansson Nino Niederreiter 60 1 0 4
2 Jean-Gabriel Pageau Adam Henrique Corey Perry 40 1 0 4
PowerPlay Defense
Defense Defense Time % Phy DF OF
1 Dougie Hamilton Jake McCabe 60 0 1 4
2 Tyler Myers Marco Scandella 40 0 1 4
Penalty Kill 4 Players Forward
Center Wing Time % Phy DF OF
1 Erik Haula Noel Acciari 60 0 4 1
2 Jean-Gabriel Pageau Nino Niederreiter 40 0 4 1
Penalty Kill 4 Players Defense
Defense Defense Time % Phy DF OF
1 Marco Scandella Tyler Myers 60 0 4 1
2 Robert Hagg Michael Matheson 40 0 4 1
Penalty Kill - 3 Players Forward
Forward Time % Phy DF OF
1 Erik Haula 60 0 4 1
2 Jean-Gabriel Pageau 40 0 4 1
Penalty Kill - 3 Players Defense
Defense Defense Time % Phy DF OF
1 Marco Scandella Tyler Myers 60 0 5 0
2 Robert Hagg Michael Matheson 40 0 5 0
4 vs 4 Forward
Center Wing Time % Phy DF OF
1 Ryan Johansen Adam Henrique 60 1 2 2
2 Jean-Gabriel Pageau Nino Niederreiter 40 1 2 2
4 vs 4 Defense
Defense Defense Time % Phy DF OF
1 Dougie Hamilton Marco Scandella 60 1 2 2
2 Jake McCabe Robert Hagg 40 1 2 2
Last Minutes Offensive
Center Left Wing Right Wing Defense Defense
Ryan Johansen Adam Henrique Nino Niederreiter Dougie Hamilton Jake McCabe
Last Minutes Defensive
Center Left Wing Right Wing Defense Defense
Erik Haula Ronalds Kenins Nino Niederreiter Tyler Myers Marco Scandella
Goaltenders
Starting : Michal Neuvirth
Backup : Jonathan Bernier
Extra Forwards
Normal : Nikolaj Ehlers, Marcus Johansson, Erik Haula - PP : Nikolaj Ehlers, Erik Haula - PK : Ronalds Kenins
Extra Defensemen
Normal : Marco Scandella, Dougie Hamilton, Michael Matheson - PP : Michael Matheson - PK : Dougie Hamilton, Michael Matheson
Penalty Shots
Marcus Johansson, Corey Perry, Ryan Johansen, Erik Haula, Noel Acciari
Scratches
None
Canadiens
5 vs 5 Forward
Center Left Wing Right Wing Time % Phy DF OF
1 Evgeni Malkin Chris Kreider Phil Kessel 40 0 1 4
2 Mika Zibanejad Greg Stewart Steve Downie 30 0 1 4
3 Nick Spaling Daniel Carcillo Jordan Szwarz 20 0 2 3
4 Dave Bolland Jakub Vrana Pierre-Marc Bouchard 10 0 3 2
5 vs 5 Defense
Defense Defense Time % Phy DF OF
1 Travis Hamonic Brady Skjei 40 0 2 3
2 Bryce Lampman Guillaume Brisebois 30 0 2 3
3 Brian Dumoulin Philip Larsen 20 0 3 2
4 Travis Hamonic Brady Skjei 10 0 2 3
PowerPlay Forward
Center Left Wing Right Wing Time % Phy DF OF
1 Mika Zibanejad Chris Kreider Phil Kessel 60 0 1 4
2 Evgeni Malkin Greg Stewart Steve Downie 40 0 1 4
PowerPlay Defense
Defense Defense Time % Phy DF OF
1 Travis Hamonic Brady Skjei 60 0 1 4
2 Bryce Lampman Guillaume Brisebois 40 0 1 4
Penalty Kill 4 Players Forward
Center Wing Time % Phy DF OF
1 Dave Bolland Daniel Carcillo 60 0 3 2
2 Nick Spaling Jordan Szwarz 40 0 3 2
Penalty Kill 4 Players Defense
Defense Defense Time % Phy DF OF
1 Brian Dumoulin Guillaume Brisebois 60 0 3 2
2 Philip Larsen Travis Hamonic 40 0 3 2
Penalty Kill - 3 Players Forward
Forward Time % Phy DF OF
1 Dave Bolland 60 1 4 0
2 Nick Spaling 40 0 4 1
Penalty Kill - 3 Players Defense
Defense Defense Time % Phy DF OF
1 Travis Hamonic Guillaume Brisebois 60 0 4 1
2 Bryce Lampman Brian Dumoulin 40 0 4 1
4 vs 4 Forward
Center Wing Time % Phy DF OF
1 Evgeni Malkin Chris Kreider 60 0 2 3
2 Mika Zibanejad Phil Kessel 40 0 2 3
4 vs 4 Defense
Defense Defense Time % Phy DF OF
1 Travis Hamonic Brady Skjei 60 0 2 3
2 Bryce Lampman Guillaume Brisebois 40 0 2 3
Last Minutes Offensive
Center Left Wing Right Wing Defense Defense
Evgeni Malkin Chris Kreider Phil Kessel Travis Hamonic Brady Skjei
Last Minutes Defensive
Center Left Wing Right Wing Defense Defense
Evgeni Malkin Chris Kreider Phil Kessel Travis Hamonic Brady Skjei
Goaltenders
Starting : Kristers Gudlevskis
Backup : Allen York
Extra Forwards
Normal : Chris Kreider, Phil Kessel, Evgeni Malkin - PP : Chris Kreider, Mika Zibanejad - PK : Daniel Carcillo
Extra Defensemen
Normal : Brady Skjei, Travis Hamonic, Bryce Lampman - PP : Brady Skjei - PK : Travis Hamonic, Guillaume Brisebois
Penalty Shots
Evgeni Malkin, Chris Kreider, Phil Kessel, Mika Zibanejad, Greg Stewart
Scratches
Mark Stuart (Back Injury)
% Time on Ice - Jets
Lines # - Real PCT - Wanted PCT - Time Play
Normal Forward
1 - 35% - 40% - 14:33
2 - 28% - 30% - 11:41
3 - 19% - 20% - 7:43
4 - 18% - 10% - 7:21
Normal Defense
1 - 41% - 40% - 16:56
2 - 34% - 30% - 14:14
3 - 22% - 20% - 8:54
4 - 3% - 10% - 1:14
PP Forward
1 - 57% - 60% - 2:05
2 - 43% - 40% - 1:36
PP Defense
1 - 80% - 60% - 2:57
2 - 20% - 40% - 0:44
PK Forward
1 - 67% - 60% - 10:03
2 - 33% - 40% - 4:58
PK Defense
1 - 59% - 60% - 8:54
2 - 41% - 40% - 6:07
PK3 Forward
1 - 0% - 60%
2 - 0% - 40%
PK3 Defense
1 - 0% - 60%
2 - 0% - 40%
44 Forward
1 - 0% - 60%
2 - 0% - 40%
44 Defense
1 - 0% - 60%
2 - 0% - 40%
Last Minute Offensive - 0:00
Last Minute Defensive - 0:00
Total
Forward - 60:00
Defense - 60:00
|
% Time on Ice - Canadiens
Lines # - Real PCT - Wanted PCT - Time Play
Normal Forward
1 - 34% - 40% - 13:56
2 - 30% - 30% - 12:31
3 - 22% - 20% - 9:10
4 - 14% - 10% - 5:41
Normal Defense
1 - 39% - 40% - 16:16
2 - 40% - 30% - 16:32
3 - 19% - 20% - 7:46
4 - 2% - 10% - 0:44
PP Forward
1 - 54% - 60% - 8:11
2 - 46% - 40% - 6:50
PP Defense
1 - 46% - 60% - 6:58
2 - 54% - 40% - 8:03
PK Forward
1 - 74% - 60% - 2:43
2 - 26% - 40% - 0:58
PK Defense
1 - 70% - 60% - 2:35
2 - 30% - 40% - 1:06
PK3 Forward
1 - 0% - 60%
2 - 0% - 40%
PK3 Defense
1 - 0% - 60%
2 - 0% - 40%
44 Forward
1 - 0% - 60%
2 - 0% - 40%
44 Defense
1 - 0% - 60%
2 - 0% - 40%
Last Minute Offensive - 0:00
Last Minute Defensive - 0:00
Total
Forward - 60:00
Defense - 60:00
|
Play-by-Play
1st period
0:01 of 1st period - Ryan Johansen wins face-off versus Evgeni Malkin in neutral zone.
0:26 of 1st period - Corey Perry is hit by Travis Hamonic and loses puck.
1:06 of 1st period - Slapshot by Pierre-Marc Bouchard.
1:06 of 1st period - Shot Misses the Net.
1:08 of 1st period - Snap shot by Bryce Lampman.
1:08 of 1st period - Shot Blocked by Jean-Gabriel Pageau.
1:12 of 1st period - Wrist shot by Pierre-Marc Bouchard.
1:12 of 1st period - Shot Misses the Net.
1:14 of 1st period - Slapshot by Jakub Vrana.
1:14 of 1st period - Shot Blocked by Robert Hagg.
1:25 of 1st period - Off-side.
1:26 of 1st period - Evgeni Malkin wins face-off versus Ryan Johansen in neutral zone.
1:31 of 1st period - Tyler Myers is hit by Chris Kreider and loses puck.
1:49 of 1st period - Icing by Tyler Myers.
1:50 of 1st period - Mika Zibanejad wins face-off versus Erik Haula in Jets zone.
1:56 of 1st period - Off-side.
1:57 of 1st period - Mika Zibanejad wins face-off versus Noel Acciari in neutral zone.
2:10 of 1st period - Steve Downie is hit by Tyler Myers and loses puck.
2:23 of 1st period - Jordan Szwarz is hit by Corey Perry.
2:29 of 1st period - Backhand shot by Corey Perry.
2:29 of 1st period - Stopped by Kristers Gudlevskis with a rebound.
2:31 of 1st period - Slapshot by Tyler Myers.
2:31 of 1st period - Deflect By Brady Skjei.
2:31 of 1st period - Stopped by Kristers Gudlevskis with a rebound.
2:33 of 1st period - Snap shot by Adam Henrique.
2:33 of 1st period - Stopped by Kristers Gudlevskis without a rebound.
2:34 of 1st period - Ryan Johansen wins face-off versus Evgeni Malkin in Canadiens zone.
2:47 of 1st period - Slapshot by Nino Niederreiter.
2:47 of 1st period - Shot Blocked by Guillaume Brisebois.
3:46 of 1st period - Slapshot by Jean-Gabriel Pageau.
3:46 of 1st period - Goal by Jean-Gabriel Pageau - Jets : 1 - Canadiens : 0.
3:47 of 1st period - Chris Kreider wins face-off versus Ryan Johansen in neutral zone.
3:58 of 1st period - Tyler Myers is hit by Brady Skjei and loses puck.
4:13 of 1st period - Dougie Hamilton is hit by Steve Downie and loses puck.
4:56 of 1st period - Noel Acciari is hit by Dave Bolland and loses puck.
5:25 of 1st period - Snap shot by Ryan Johansen.
5:25 of 1st period - Shot Misses the Net.
5:27 of 1st period - Slapshot by Marco Scandella.
5:27 of 1st period - Stopped by Kristers Gudlevskis without a rebound.
5:28 of 1st period - Mika Zibanejad wins face-off versus Erik Haula in Canadiens zone.
6:06 of 1st period - Wrist shot by Marcus Johansson.
6:06 of 1st period - Shot Misses the Net.
6:22 of 1st period - Wrist shot by Pierre-Marc Bouchard.
6:22 of 1st period - Shot Blocked by Nino Niederreiter.
6:27 of 1st period - Icing by Marcus Johansson.
6:28 of 1st period - Nick Spaling wins face-off versus Ryan Johansen in Jets zone.
6:31 of 1st period - Slapshot by Daniel Carcillo.
6:31 of 1st period - Stopped by Michal Neuvirth with a rebound.
6:33 of 1st period - Wrist shot by Daniel Carcillo.
6:33 of 1st period - Shot Blocked by Ryan Johansen.
6:35 of 1st period - Slapshot by Bryce Lampman.
6:35 of 1st period - Shot Blocked by Jake McCabe.
6:37 of 1st period - Backhand shot by Bryce Lampman.
6:37 of 1st period - Shot Blocked by Marco Scandella.
6:39 of 1st period - Snap shot by Bryce Lampman.
6:39 of 1st period - Deflect By Jordan Szwarz.
6:39 of 1st period - Shot Misses the Net.
6:39 of 1st period - Puck is out of play.
6:40 of 1st period - Evgeni Malkin wins face-off versus Jean-Gabriel Pageau in Jets zone.
7:18 of 1st period - Off-side.
7:19 of 1st period - Mika Zibanejad wins face-off versus Ryan Johansen in neutral zone.
7:24 of 1st period - Snap shot by Mika Zibanejad.
7:24 of 1st period - Shot Misses the Net.
7:26 of 1st period - Slapshot by Guillaume Brisebois.
7:26 of 1st period - Shot Blocked by Michael Matheson.
7:28 of 1st period - Slapshot by Guillaume Brisebois.
7:28 of 1st period - Deflect By Nino Niederreiter.
7:28 of 1st period - Stopped by Michal Neuvirth with a rebound.
7:30 of 1st period - Wrist shot by Greg Stewart.
7:30 of 1st period - Stopped by Michal Neuvirth with a rebound.
7:32 of 1st period - Backhand shot by Bryce Lampman.
7:32 of 1st period - Stopped by Michal Neuvirth without a rebound.
7:33 of 1st period - Evgeni Malkin wins face-off versus Ryan Johansen in Jets zone.
8:00 of 1st period - Tyler Myers is hit by Nick Spaling and loses puck.
8:15 of 1st period - Minor Penalty to Marco Scandella for Tripping.
8:16 of 1st period - Mika Zibanejad wins face-off versus Erik Haula in Jets zone.
8:29 of 1st period - Wrist shot by Chris Kreider.
8:29 of 1st period - Shot Misses the Net.
8:31 of 1st period - Slapshot by Brady Skjei.
8:31 of 1st period - Shot Misses the Net.
8:33 of 1st period - Snap shot by Brady Skjei.
8:33 of 1st period - Shot Blocked by Noel Acciari.
10:15 of 1st period - Penalty to Marco Scandella is over, Marco Scandella is back on ice.
10:33 of 1st period - Double Minor Penalty to Brian Dumoulin for High sticking.
10:34 of 1st period - Dave Bolland wins face-off versus Jean-Gabriel Pageau in Canadiens zone.
10:39 of 1st period - Icing by Jake McCabe.
10:40 of 1st period - Jean-Gabriel Pageau wins face-off versus Dave Bolland in Jets zone.
11:09 of 1st period - Slapshot by Corey Perry.
11:09 of 1st period - Shot Misses the Net.
11:11 of 1st period - Wrist shot by Corey Perry.
11:11 of 1st period - Goal by Corey Perry - Jets : 2 - Canadiens : 0.
11:12 of 1st period - Ryan Johansen wins face-off versus Dave Bolland in neutral zone.
13:11 of 1st period - Penalty to Brian Dumoulin is over, Brian Dumoulin is back on ice.
13:14 of 1st period - Slapshot by Greg Stewart.
13:14 of 1st period - Stopped by Michal Neuvirth without a rebound.
13:15 of 1st period - Mika Zibanejad wins face-off versus Noel Acciari in Jets zone.
13:26 of 1st period - Snap shot by Alexander Radulov.
13:26 of 1st period - Shot Blocked by Brian Dumoulin.
13:32 of 1st period - Wrist shot by Alexander Radulov.
13:32 of 1st period - Stopped by Kristers Gudlevskis without a rebound.
13:33 of 1st period - Evgeni Malkin wins face-off versus Marcus Johansson in Canadiens zone.
13:44 of 1st period - Snap shot by Evgeni Malkin.
13:44 of 1st period - Stopped by Michal Neuvirth without a rebound.
13:45 of 1st period - Phil Kessel wins face-off versus Ryan Johansen in Jets zone.
14:18 of 1st period - Wrist shot by Corey Perry.
14:18 of 1st period - Shot Misses the Net.
14:20 of 1st period - Wrist shot by Erik Haula.
14:20 of 1st period - Stopped by Kristers Gudlevskis without a rebound.
14:21 of 1st period - Mika Zibanejad wins face-off versus Erik Haula in Canadiens zone.
14:21 of 1st period - Mika Zibanejad is hit by Erik Haula.
14:48 of 1st period - Bryce Lampman is hit by Nikolaj Ehlers and loses puck.
14:49 of 1st period - Bryce Lampman from Canadiens is injured at 14:49 of 1st period (Sprained Left Knee).
14:50 of 1st period - Evgeni Malkin wins face-off versus Ryan Johansen in Canadiens zone.
14:50 of 1st period - Evgeni Malkin is hit by Nino Niederreiter.
15:04 of 1st period - Snap shot by Evgeni Malkin.
15:04 of 1st period - Shot Misses the Net.
15:20 of 1st period - Snap shot by Jordan Szwarz.
15:20 of 1st period - Goal by Jordan Szwarz - Jets : 2 - Canadiens : 1.
15:21 of 1st period - Evgeni Malkin wins face-off versus Ryan Johansen in neutral zone.
15:24 of 1st period - Marcus Johansson is hit by Phil Kessel and loses puck.
16:10 of 1st period - Jake McCabe is hit by Jordan Szwarz and loses puck.
16:29 of 1st period - Jakub Vrana is hit by Alexander Radulov and loses puck.
17:14 of 1st period - Wrist shot by Corey Perry.
17:14 of 1st period - Stopped by Kristers Gudlevskis without a rebound.
17:15 of 1st period - Erik Haula wins face-off versus Mika Zibanejad in Canadiens zone.
17:18 of 1st period - Wrist shot by Erik Haula.
17:18 of 1st period - Shot Misses the Net.
17:24 of 1st period - Snap shot by Adam Henrique.
17:24 of 1st period - Shot Misses the Net.
17:36 of 1st period - Tyler Myers is hit by Travis Hamonic and loses puck.
17:43 of 1st period - Wrist shot by Greg Stewart.
17:43 of 1st period - Stopped by Michal Neuvirth with a rebound.
18:11 of 1st period - Slapshot by Mika Zibanejad.
18:11 of 1st period - Deflect By Erik Haula.
18:11 of 1st period - Shot Blocked by Tyler Myers.
18:11 of 1st period - Puck is out of play.
18:12 of 1st period - Evgeni Malkin wins face-off versus Ryan Johansen in Jets zone.
18:19 of 1st period - Snap shot by Chris Kreider.
18:19 of 1st period - Stopped by Michal Neuvirth with a rebound.
18:25 of 1st period - Evgeni Malkin is hit by Nino Niederreiter and loses puck.
18:38 of 1st period - Marco Scandella is hit by Travis Hamonic and loses puck.
19:24 of 1st period - Backhand shot by Chris Kreider.
19:24 of 1st period - Shot Misses the Net.
Goals for this period are 2 for Jets vs 1 for Canadiens.
Shots for this period are 9 for Jets vs 9 for Canadiens.
2nd period
0:01 of 2nd period - Evgeni Malkin wins face-off versus Ryan Johansen in neutral zone.
0:51 of 2nd period - Steve Downie is hit by Corey Perry and loses puck.
1:18 of 2nd period - Wrist shot by Ryan Johansen.
1:18 of 2nd period - Deflect By Marcus Johansson.
1:18 of 2nd period - Shot Misses the Net.
1:18 of 2nd period - Puck is out of play.
1:19 of 2nd period - Evgeni Malkin wins face-off versus Ryan Johansen in Canadiens zone.
1:19 of 2nd period - Evgeni Malkin is hit by Nino Niederreiter.
1:33 of 2nd period - Snap shot by Evgeni Malkin.
1:33 of 2nd period - Stopped by Michal Neuvirth with a rebound.
1:35 of 2nd period - Snap shot by Brian Dumoulin.
1:35 of 2nd period - Shot Misses the Net.
1:41 of 2nd period - Minor Penalty to Jake McCabe for Interference.
1:42 of 2nd period - Erik Haula wins face-off versus Mika Zibanejad in Jets zone.
2:09 of 2nd period - Greg Stewart is hit by Noel Acciari and loses puck.
2:40 of 2nd period - Mika Zibanejad is hit by Tyler Myers and loses puck.
2:51 of 2nd period - Snap shot by Jean-Gabriel Pageau.
2:51 of 2nd period - Goal by Jean-Gabriel Pageau - Jets : 3 - Canadiens : 1.
2:52 of 2nd period - Mika Zibanejad wins face-off versus Erik Haula in neutral zone.
3:23 of 2nd period - Snap shot by Greg Stewart.
3:23 of 2nd period - Goal by Greg Stewart - Jets : 3 - Canadiens : 2.
3:24 of 2nd period - Ryan Johansen wins face-off versus Chris Kreider in neutral zone.
3:57 of 2nd period - Wrist shot by Adam Henrique.
3:57 of 2nd period - Shot Blocked by Steve Downie.
4:11 of 2nd period - Slapshot by Tyler Myers.
4:11 of 2nd period - Stopped by Kristers Gudlevskis without a rebound.
4:12 of 2nd period - Nick Spaling wins face-off versus Ronalds Kenins in Canadiens zone.
4:39 of 2nd period - Slapshot by Phil Kessel.
4:39 of 2nd period - Deflect By Chris Kreider.
4:39 of 2nd period - Stopped by Michal Neuvirth with a rebound.
4:47 of 2nd period - Wrist shot by Marcus Johansson.
4:47 of 2nd period - Stopped by Kristers Gudlevskis with a rebound.
4:53 of 2nd period - Minor Penalty to Phil Kessel for Elbowing.
4:54 of 2nd period - Ryan Johansen wins face-off versus Dave Bolland in Canadiens zone.
4:57 of 2nd period - Snap shot by Nino Niederreiter.
4:57 of 2nd period - Stopped by Kristers Gudlevskis with a rebound.
4:59 of 2nd period - Slapshot by Jake McCabe.
4:59 of 2nd period - Shot Misses the Net.
5:01 of 2nd period - Snap shot by Marcus Johansson.
5:01 of 2nd period - Stopped by Kristers Gudlevskis with a rebound.
5:03 of 2nd period - Snap shot by Ryan Johansen.
5:03 of 2nd period - Stopped by Kristers Gudlevskis without a rebound.
5:04 of 2nd period - Dave Bolland wins face-off versus Ryan Johansen in Canadiens zone.
5:15 of 2nd period - Slapshot by Nino Niederreiter.
5:15 of 2nd period - Shot Misses the Net.
5:17 of 2nd period - Slapshot by Dougie Hamilton.
5:17 of 2nd period - Stopped by Kristers Gudlevskis with a rebound.
5:19 of 2nd period - Snap shot by Jake McCabe.
5:19 of 2nd period - Shot Blocked by Guillaume Brisebois.
5:21 of 2nd period - Wrist shot by Ryan Johansen.
5:21 of 2nd period - Stopped by Kristers Gudlevskis with a rebound.
5:53 of 2nd period - Wrist shot by Ryan Johansen.
5:53 of 2nd period - Shot Blocked by Nick Spaling.
5:55 of 2nd period - Slapshot by Dougie Hamilton.
5:55 of 2nd period - Stopped by Kristers Gudlevskis with a rebound.
5:57 of 2nd period - Snap shot by Nino Niederreiter.
5:57 of 2nd period - Goal by Nino Niederreiter - Jets : 4 - Canadiens : 2.
5:57 of 2nd period - Allen York enters game.
5:58 of 2nd period - Erik Haula wins face-off versus Evgeni Malkin in neutral zone.
6:05 of 2nd period - Slapshot by Corey Perry.
6:05 of 2nd period - Shot Misses the Net.
6:13 of 2nd period - Wrist shot by Evgeni Malkin.
6:13 of 2nd period - Shot Blocked by Corey Perry.
6:15 of 2nd period - Slapshot by Travis Hamonic.
6:15 of 2nd period - Stopped by Michal Neuvirth without a rebound.
6:16 of 2nd period - Mika Zibanejad wins face-off versus Ryan Johansen in Jets zone.
6:19 of 2nd period - Snap shot by Brady Skjei.
6:19 of 2nd period - Stopped by Michal Neuvirth with a rebound.
6:43 of 2nd period - Evgeni Malkin is hit by Adam Henrique and loses puck.
6:54 of 2nd period - Wrist shot by Evgeni Malkin.
6:54 of 2nd period - Shot Blocked by Erik Haula.
7:30 of 2nd period - Snap shot by Alexander Radulov.
7:30 of 2nd period - Shot Blocked by Brian Dumoulin.
7:32 of 2nd period - Snap shot by Jordan Martinook.
7:32 of 2nd period - Stopped by Allen York with a rebound.
8:04 of 2nd period - Nino Niederreiter is hit by Steve Downie and loses puck.
8:17 of 2nd period - Snap shot by Brady Skjei.
8:17 of 2nd period - Deflect By Phil Kessel.
8:17 of 2nd period - Stopped by Michal Neuvirth with a rebound.
8:21 of 2nd period - Wrist shot by Chris Kreider.
8:21 of 2nd period - Shot Misses the Net.
8:41 of 2nd period - Wrist shot by Ronalds Kenins.
8:41 of 2nd period - Shot Blocked by Travis Hamonic.
8:50 of 2nd period - Minor Penalty to Ronalds Kenins for Interference.
8:51 of 2nd period - Mika Zibanejad wins face-off versus Erik Haula in Jets zone.
8:52 of 2nd period - Wrist shot by Chris Kreider.
8:52 of 2nd period - Stopped by Michal Neuvirth without a rebound.
8:53 of 2nd period - Erik Haula wins face-off versus Mika Zibanejad in Jets zone.
10:09 of 2nd period - Snap shot by Mika Zibanejad.
10:09 of 2nd period - Stopped by Michal Neuvirth with a rebound.
10:15 of 2nd period - Snap shot by Mika Zibanejad.
10:15 of 2nd period - Shot Misses the Net.
10:17 of 2nd period - Wrist shot by Chris Kreider.
10:17 of 2nd period - Stopped by Michal Neuvirth without a rebound.
10:18 of 2nd period - Evgeni Malkin wins face-off versus Erik Haula in Jets zone.
10:32 of 2nd period - Wrist shot by Greg Stewart.
10:32 of 2nd period - Shot Misses the Net.
10:34 of 2nd period - Slapshot by Brian Dumoulin.
10:34 of 2nd period - Shot Misses the Net.
10:50 of 2nd period - Penalty to Ronalds Kenins is over, Ronalds Kenins is back on ice.
10:52 of 2nd period - Icing by Marco Scandella.
10:53 of 2nd period - Nick Spaling wins face-off versus Erik Haula in Jets zone.
11:04 of 2nd period - Slapshot by Nick Spaling.
11:04 of 2nd period - Goal by Nick Spaling - Jets : 4 - Canadiens : 3.
11:05 of 2nd period - Ryan Johansen wins face-off versus Nick Spaling in neutral zone.
11:08 of 2nd period - Snap shot by Nino Niederreiter.
11:08 of 2nd period - Stopped by Allen York with a rebound.
11:35 of 2nd period - Mika Zibanejad is hit by Corey Perry and loses puck.
12:17 of 2nd period - Backhand shot by Travis Hamonic.
12:17 of 2nd period - Stopped by Michal Neuvirth without a rebound.
12:18 of 2nd period - Nikolaj Ehlers wins face-off versus Evgeni Malkin in Jets zone.
13:09 of 2nd period - Alexander Radulov is hit by Jordan Szwarz and loses puck.
13:22 of 2nd period - Noel Acciari is hit by Brady Skjei and loses puck.
13:35 of 2nd period - Slapshot by Alexander Radulov.
13:35 of 2nd period - Stopped by Allen York without a rebound.
13:36 of 2nd period - Evgeni Malkin wins face-off versus Ryan Johansen in Canadiens zone.
13:47 of 2nd period - Wrist shot by Evgeni Malkin.
13:47 of 2nd period - Shot Blocked by Marco Scandella.
14:08 of 2nd period - Slapshot by Mika Zibanejad.
14:08 of 2nd period - Shot Misses the Net.
14:10 of 2nd period - Snap shot by Steve Downie.
14:10 of 2nd period - Shot Blocked by Marco Scandella.
14:14 of 2nd period - Snap shot by Greg Stewart.
14:14 of 2nd period - Shot Misses the Net.
14:34 of 2nd period - Snap shot by Dave Bolland.
14:34 of 2nd period - Deflect By Jakub Vrana.
14:34 of 2nd period - Stopped by Michal Neuvirth with a rebound.
14:46 of 2nd period - Jordan Martinook is hit by Phil Kessel and loses puck.
14:53 of 2nd period - Wrist shot by Chris Kreider.
14:53 of 2nd period - Deflect By Phil Kessel.
14:53 of 2nd period - Stopped by Michal Neuvirth without a rebound.
14:54 of 2nd period - Evgeni Malkin wins face-off versus Ryan Johansen in Jets zone.
14:55 of 2nd period - Wrist shot by Chris Kreider.
14:55 of 2nd period - Shot Misses the Net.
14:57 of 2nd period - Minor Penalty to Dougie Hamilton for Cross-checking.
14:58 of 2nd period - Erik Haula wins face-off versus Mika Zibanejad in Jets zone.
15:32 of 2nd period - Off-side.
15:33 of 2nd period - Jean-Gabriel Pageau wins face-off versus Evgeni Malkin in neutral zone.
15:56 of 2nd period - Erik Haula is hit by Brady Skjei and loses puck.
16:04 of 2nd period - Slapshot by Travis Hamonic.
16:04 of 2nd period - Shot Blocked by Michael Matheson.
16:20 of 2nd period - Wrist shot by Greg Stewart.
16:20 of 2nd period - Shot Misses the Net.
16:22 of 2nd period - Snap shot by Steve Downie.
16:22 of 2nd period - Goal by Steve Downie - Jets : 4 - Canadiens : 4.
16:23 of 2nd period - Nick Spaling wins face-off versus Ryan Johansen in neutral zone.
16:26 of 2nd period - Wrist shot by Daniel Carcillo.
16:26 of 2nd period - Goal by Daniel Carcillo - Jets : 4 - Canadiens : 5.
16:27 of 2nd period - Ryan Johansen wins face-off versus Evgeni Malkin in neutral zone.
16:58 of 2nd period - Minor Penalty to Jake McCabe for Holding.
16:59 of 2nd period - Mika Zibanejad wins face-off versus Erik Haula in Jets zone.
17:14 of 2nd period - Slapshot by Brady Skjei.
17:14 of 2nd period - Shot Blocked by Marco Scandella.
17:32 of 2nd period - Slapshot by Brady Skjei.
17:32 of 2nd period - Stopped by Michal Neuvirth with a rebound.
17:34 of 2nd period - Slapshot by Guillaume Brisebois.
17:34 of 2nd period - Shot Misses the Net.
17:36 of 2nd period - Wrist shot by Steve Downie.
17:36 of 2nd period - Shot Hit the Post.
18:58 of 2nd period - Penalty to Jake McCabe is over, Jake McCabe is back on ice.
19:02 of 2nd period - Travis Hamonic is hit by Jean-Gabriel Pageau and loses puck.
19:49 of 2nd period - Dougie Hamilton is hit by Brian Dumoulin and loses puck.
Goals for this period are 2 for Jets vs 4 for Canadiens.
Shots for this period are 13 for Jets vs 16 for Canadiens.
3rd period
0:01 of 3rd period - Ryan Johansen wins face-off versus Evgeni Malkin in neutral zone.
0:26 of 3rd period - Chris Kreider is hit by Tyler Myers and loses puck.
0:53 of 3rd period - Slapshot by Brady Skjei.
0:53 of 3rd period - Stopped by Michal Neuvirth with a rebound.
1:21 of 3rd period - Snap shot by Jordan Szwarz.
1:21 of 3rd period - Stopped by Michal Neuvirth with a rebound.
1:27 of 3rd period - Minor Penalty to Michael Matheson for Hooking.
1:28 of 3rd period - Mika Zibanejad wins face-off versus Erik Haula in Jets zone.
1:33 of 3rd period - Slapshot by Phil Kessel.
1:33 of 3rd period - Deflect By Chris Kreider.
1:33 of 3rd period - Stopped by Michal Neuvirth with a rebound.
1:35 of 3rd period - Slapshot by Brian Dumoulin.
1:35 of 3rd period - Stopped by Michal Neuvirth with a rebound.
3:07 of 3rd period - Dougie Hamilton is hit by Phil Kessel and loses puck.
3:27 of 3rd period - Penalty to Michael Matheson is over, Michael Matheson is back on ice.
3:38 of 3rd period - Snap shot by Pierre-Marc Bouchard.
3:38 of 3rd period - Goal by Pierre-Marc Bouchard - Jets : 4 - Canadiens : 6.
3:39 of 3rd period - Ryan Johansen wins face-off versus Evgeni Malkin in neutral zone.
3:42 of 3rd period - Snap shot by Nino Niederreiter.
3:42 of 3rd period - Shot Misses the Net.
3:44 of 3rd period - Slapshot by Marco Scandella.
3:44 of 3rd period - Stopped by Allen York with a rebound.
3:46 of 3rd period - Slapshot by Nino Niederreiter.
3:46 of 3rd period - Shot Misses the Net.
3:48 of 3rd period - Wrist shot by Marcus Johansson.
3:48 of 3rd period - Stopped by Allen York with a rebound.
4:08 of 3rd period - Brady Skjei is hit by Marco Scandella and loses puck.
4:21 of 3rd period - Minor Penalty to Nikolaj Ehlers for Roughing.
4:22 of 3rd period - Mika Zibanejad wins face-off versus Erik Haula in Jets zone.
5:12 of 3rd period - Brian Dumoulin is hit by Marco Scandella and loses puck.
6:21 of 3rd period - Penalty to Nikolaj Ehlers is over, Nikolaj Ehlers is back on ice.
6:27 of 3rd period - Snap shot by Dougie Hamilton.
6:27 of 3rd period - Deflect By Brian Dumoulin.
6:27 of 3rd period - Stopped by Allen York without a rebound.
6:28 of 3rd period - Nick Spaling wins face-off versus Ryan Johansen in Canadiens zone.
6:35 of 3rd period - Slapshot by Ryan Johansen.
6:35 of 3rd period - Stopped by Allen York with a rebound.
6:49 of 3rd period - Slapshot by Jean-Gabriel Pageau.
6:49 of 3rd period - Shot Misses the Net.
6:55 of 3rd period - Jean-Gabriel Pageau is hit by Dave Bolland and loses puck.
7:32 of 3rd period - Nino Niederreiter is hit by Jordan Szwarz and loses puck.
7:41 of 3rd period - Brady Skjei is hit by Ryan Johansen and loses puck.
8:10 of 3rd period - Brady Skjei is hit by Noel Acciari and loses puck.
8:15 of 3rd period - Snap shot by Jordan Martinook.
8:15 of 3rd period - Shot Misses the Net.
8:33 of 3rd period - Marco Scandella is hit by Chris Kreider and loses puck.
9:21 of 3rd period - Snap shot by Philip Larsen.
9:21 of 3rd period - Shot Misses the Net.
9:43 of 3rd period - Wrist shot by Noel Acciari.
9:43 of 3rd period - Stopped by Allen York with a rebound.
9:45 of 3rd period - Slapshot by Michael Matheson.
9:45 of 3rd period - Shot Blocked by Brian Dumoulin.
9:47 of 3rd period - Slapshot by Robert Hagg.
9:47 of 3rd period - Shot Misses the Net.
9:49 of 3rd period - Slapshot by Robert Hagg.
9:49 of 3rd period - Shot Blocked by Brian Dumoulin.
9:51 of 3rd period - Wrist shot by Noel Acciari.
9:51 of 3rd period - Shot Blocked by Chris Kreider.
9:53 of 3rd period - Slapshot by Jordan Martinook.
9:53 of 3rd period - Shot Misses the Net.
9:55 of 3rd period - Snap shot by Alexander Radulov.
9:55 of 3rd period - Stopped by Allen York with a rebound.
10:03 of 3rd period - Slapshot by Dougie Hamilton.
10:03 of 3rd period - Shot Blocked by Philip Larsen.
10:37 of 3rd period - Snap shot by Evgeni Malkin.
10:37 of 3rd period - Shot Blocked by Marco Scandella.
10:39 of 3rd period - Slapshot by Phil Kessel.
10:39 of 3rd period - Stopped by Michal Neuvirth without a rebound.
10:40 of 3rd period - Ryan Johansen wins face-off versus Mika Zibanejad in Jets zone.
11:06 of 3rd period - Daniel Carcillo is hit by Dougie Hamilton and loses puck.
11:40 of 3rd period - Ronalds Kenins is hit by Dave Bolland and loses puck.
11:51 of 3rd period - Snap shot by Pierre-Marc Bouchard.
11:51 of 3rd period - Stopped by Michal Neuvirth with a rebound.
11:59 of 3rd period - Slapshot by Dave Bolland.
11:59 of 3rd period - Shot Misses the Net.
12:01 of 3rd period - Wrist shot by Dave Bolland.
12:01 of 3rd period - Shot Misses the Net.
12:26 of 3rd period - Off-side.
12:27 of 3rd period - Mika Zibanejad wins face-off versus Corey Perry in neutral zone.
12:36 of 3rd period - Snap shot by Adam Henrique.
12:36 of 3rd period - Shot Blocked by Brian Dumoulin.
12:38 of 3rd period - Snap shot by Erik Haula.
12:38 of 3rd period - Shot Blocked by Brian Dumoulin.
12:40 of 3rd period - Slapshot by Tyler Myers.
12:40 of 3rd period - Stopped by Allen York with a rebound.
12:42 of 3rd period - Slapshot by Tyler Myers.
12:42 of 3rd period - Shot Blocked by Brian Dumoulin.
12:44 of 3rd period - Snap shot by Corey Perry.
12:44 of 3rd period - Deflect By Adam Henrique.
12:44 of 3rd period - Stopped by Allen York without a rebound.
12:45 of 3rd period - Nick Spaling wins face-off versus Jean-Gabriel Pageau in Canadiens zone.
12:57 of 3rd period - Nick Spaling is hit by Tyler Myers and loses puck.
13:10 of 3rd period - Brian Dumoulin is hit by Marcus Johansson and loses puck.
13:24 of 3rd period - Slapshot by Tyler Myers.
13:24 of 3rd period - Deflect By Jordan Szwarz.
13:24 of 3rd period - Stopped by Allen York with a rebound.
14:16 of 3rd period - Ryan Johansen is hit by Steve Downie and loses puck.
14:27 of 3rd period - Nino Niederreiter is hit by Guillaume Brisebois and loses puck.
16:06 of 3rd period - Steve Downie is hit by Jean-Gabriel Pageau and loses puck.
16:39 of 3rd period - Guillaume Brisebois is hit by Dougie Hamilton and loses puck.
16:44 of 3rd period - Snap shot by Nikolaj Ehlers.
16:44 of 3rd period - Shot Blocked by Phil Kessel.
17:09 of 3rd period - Icing by Marco Scandella.
17:10 of 3rd period - Erik Haula wins face-off versus Dave Bolland in Jets zone.
17:29 of 3rd period - Minor Penalty to Tyler Myers for Hooking.
17:30 of 3rd period - Mika Zibanejad wins face-off versus Erik Haula in Jets zone.
17:45 of 3rd period - Slapshot by Travis Hamonic.
17:45 of 3rd period - Stopped by Michal Neuvirth with a rebound.
18:27 of 3rd period - Icing by Brady Skjei.
18:28 of 3rd period - Jean-Gabriel Pageau wins face-off versus Mika Zibanejad in Canadiens zone.
18:43 of 3rd period - Slapshot by Evgeni Malkin.
18:43 of 3rd period - Shot Blocked by Marco Scandella.
18:45 of 3rd period - Wrist shot by Guillaume Brisebois.
18:45 of 3rd period - Stopped by Michal Neuvirth without a rebound.
18:46 of 3rd period - Mika Zibanejad wins face-off versus Erik Haula in Jets zone.
19:01 of 3rd period - Slapshot by Travis Hamonic.
19:01 of 3rd period - Deflect By Chris Kreider.
19:01 of 3rd period - Stopped by Michal Neuvirth without a rebound.
19:02 of 3rd period - Erik Haula wins face-off versus Evgeni Malkin in Jets zone.
19:02 of 3rd period - Erik Haula is hit by Greg Stewart.
19:29 of 3rd period - Penalty to Tyler Myers is over, Tyler Myers is back on ice.
Goals for this period are 0 for Jets vs 1 for Canadiens.
Shots for this period are 9 for Jets vs 10 for Canadiens.
Output by the SimonT Hockey Simulator (STHS) for Francois Prevost